 Dungeon Crawl Stone Soup version 0.31-a0-1091-g283494c966 (webtiles) character file.

Game seed: 17777042169161367072

34 Steelgonads the Chopper (level 3, 0/27 HPs)
             Began as a Demonspawn Gladiator on Nov 28, 2023.
             Succumbed to an adder's poison
             ... on level 2 of the Dungeon.
             The game lasted 00:05:57 (585 turns).

Steelgonads the Chopper (Demonspawn Gladiator)       Turns: 585, Time: 00:05:57

Health: 0/27       AC:  6    Str: 16    XL:     3   Next: 14%
Magic:  3/3        EV: 12    Int:  9    God:
Gold:   4          SH:  0    Dex: 14    Spells: 2/2 levels left

rFire   . . .        a - +0 war axe
rCold   . . .        (no shield)
rNeg    . . .        b - +0 leather armour
rPois   .            c - +0 helmet
rElec   .            (no cloak)
rCorr   .            (no gloves)
SInv    .            (no boots)
Will    .....        (no amulet)
Stlth   +            (no ring)
HPRegen 0.24/turn    (no ring)
MPRegen 0.08/turn

%: no passive effects
@: lethally poisoned (0 -> -5)
A: molten scales 1, spiny 1
a: no special abilities


You were on level 2 of the Dungeon.
You visited 1 branch of the dungeon, and saw 2 of its levels.

You collected 4 gold pieces.

Inventory:

Hand Weapons
 a - a +0 war axe (weapon)
 i - a +0 spear
 k - a +0 whip
 l - a +0 sling
Missiles
 d - 3 throwing nets (quivered)
 e - a javelin
Armour
 b - a +0 leather armour (worn)
 c - a +0 helmet (worn)
 m - an orb of mayhem
Scrolls
 f - a scroll of noise {unknown}
 g - 2 scrolls of identify {unknown}
 j - a scroll of poison {unknown}
 n - a scroll of vulnerability {unknown}
Potions
 h - a potion of invisibility {unknown}


   Skills:
 + Level 2.2 Fighting
 + Level 3.3 Axes
 + Level 0.1 Ranged Weapons
 + Level 1.9 Throwing
 + Level 3.1 Dodging


You had 2 spell levels left.
You didn't know any spells.
Your spell library was empty.

Dungeon Overview and Level Annotations

Branches:
Dungeon (1/15)

Altars:


Innate Abilities, Weirdness & Mutations

You are partially covered in molten scales. (AC +2)
You are partially covered in sharp spines.


Message History

The adder is almost dead.
You feel sick. The adder misses you.
You hit the adder but do no damage.
The adder is almost dead.
You feel sick. The adder barely misses you. The adder completely misses you.
You miss the adder.
The adder is almost dead.
You feel sick.
The adder bites you but does no damage. x2
You hit the adder.
You kill the adder!
You feel sick.
You are no longer poisoned.
The adder bites you.
You have reached level 3!
Your experience leads to an increase in your attributes!
Increase (S)trength, (I)ntelligence, or (D)exterity?
Uppercase letters only, please.
You feel stronger. x2; Your demonic ancestry asserts itself...
Sharp spines emerge from parts of your body.
Unknown command.
You closely miss the adder. The adder bites you.
You are poisoned.
The adder poisons you! The adder bites you but does no damage.
You closely miss the adder.
You feel very sick. The adder closely misses you. The adder bites you.
* * * LOW HITPOINT WARNING * * *
You are lethally poisoned!
The adder poisons you!
You closely miss the adder.
* * * LOW HITPOINT WARNING * * *
You feel very sick. The adder barely misses you.
You barely miss the adder.
* * * LOW HITPOINT WARNING * * *
You feel sick. The adder is struck by your spines.
The adder bites you but does no damage. The adder closely misses you.
You closely miss the adder.
The adder is moderately wounded.
You die...

..#.## .††..# ## ###†##
.. #.# ## ### #. #.#
.##.$.. #.# .#.#. #.#
... ###.#### #S#
.......# #@# .##.##.#
#.# # .##.#..##
###.##.###
.##.....######........#
........................
.###....######........##
........# #......#.#
####.#### #.....## # #.#
#.##.##


You could see an adder.

Vanquished Creatures
  An adder (D:2)
  A dart slug (D:1)
  2 ball pythons
  2 bats (D:1)
  An endoplasm (D:1)
  A giant cockroach (D:1)
  2 hobgoblins (D:1)
  7 jackals
  A kobold (D:1)
  A rat (D:2)
19 creatures vanquished.

Notes
Turn   | Place    | Note
-------+----------+-------------------------------------------
     0 | D:1      | Steelgonads the Demonspawn Gladiator began the quest for
                  | the Orb.
     0 | D:1      | Reached XP level 1. HP: 16/16 MP: 1/1
    97 | D:1      | Gained mutation: You are partially covered in molten
                  | scales. (AC +2) [demonic ancestry]
    97 | D:1      | Reached XP level 2. HP: 19/22 MP: 2/2
   402 | D:1      | You fall into a shaft and drop 1 floor!
   581 | D:2      | Gained mutation: You are partially covered in sharp spines.
                  | [demonic ancestry]
   581 | D:2      | Reached XP level 3. HP: 10/27 MP: 3/3
   585 | D:2      | Succumbed to an adder's poison

Illustrated notes

Levels and vault maps discovered:
D:1:      minmay_arrival_radiant_lines, layout_loops_corners
D:2:      layout_loops_corners, chequers_ecumenical_altar_lobes,
          kennysheep_generic_room_12

Skill      XL: |  1  2 |
---------------+-------+-----
Dodging        | 3 |  3.1
Axes           | 3 |  3.3
Fighting       | |  2.2
Ranged Weapons | |  0.1
Throwing       | |  1.9

Action                     || total
---------------------------++-------
  Melee: War axe           ||    60
         Punch             ||     1
   Fire: Sling             ||     1
 Armour: Leather armour    ||    45
  Dodge: Dodged            ||    71

Table legend: (Time is in decaauts)
 A = Elapsed time spent in this place.
 B = Non-inter-level travel time spent in this place.
 C = Inter-level travel time spent in this place.
 D = Time resting spent in this place.
 E = Time spent auto-exploring this place.
 F = Levels seen in this place.
 G = Mean time per level.
                   A        B        C        D        E       F      G
               +--------+--------+--------+--------+--------+-----+--------+
         Total |    604 |    499 |    105 |      0 |      0 |   2 |  302.0 |
       Dungeon |    604 |    499 |    105 |      0 |      0 |   2 |  302.0 |
               +--------+--------+--------+--------+--------+-----+--------+

Top non-repeatable levels by time:
     D:1: 413 daAuts
     D:2: 190 daAuts
